 Dungeon Crawl Stone Soup version 0.21-a0-508-gf08a75f (webtiles) character file.

1281 Lavandula the Cutter (level 8, 0/60 HPs)
             Began as a Mummy Chaos Knight on Nov 29, 2017.
             Slain by a quasit (1 damage)
             ... summoned by Eustachio
             ... on level 6 of the Dungeon.
             The game lasted 00:13:29 (6024 turns).

Lavandula the Cutter (Mummy Chaos Knight)           Turns: 6024, Time: 00:13:30

Health: 0/60       AC:  8    Str: 20      XL:     8   Next: 29%
Magic:  8/8        EV: 13    Int: 11      God:    Xom [......]
Gold:   63         SH:  5    Dex: 13 (14) Spells: 7/7 levels left

rFire    x . .     SeeInvis .   m - +0 broad axe (elec)
rCold    + . .     Gourm    .   i - +0 buckler
rNeg     + + +     Faith    .   b - +2 leather armour
rPois    ∞         Spirit   .   j - +2 helmet
rElec    .         Reflect  .   (no cloak)
rCorr    .         Harm     .   (no gloves)
MR       +....                  (no boots)
Stlth    +.........             (no amulet)
HPRegen  0.20/turn              c - +5 ring of strength
MPRegen  0.11/turn              (no ring)

@: no status effects
A: no food or potions, fire vulnerability, cold resistance 1, negative energy
resistance 3, torment resistance, unbreathing
a: Renounce Religion


You were on level 6 of the Dungeon.
You worshipped Xom.
You were a very special plaything of Xom.
You were not hungry.

You visited 1 branch of the dungeon, and saw 6 of its levels.

You collected 294 gold pieces.
You spent 231 gold pieces at shops.

Inventory:

Hand Weapons
 a - a +0 short sword of chaos
 h - a +0 dagger
 m - a +0 broad axe of electrocution (weapon)
Missiles
 k - 2 curare-tipped needles
Armour
 b - a +2 leather armour (worn)
 i - a +0 buckler (worn)
 j - a +2 helmet (worn)
Jewellery
 c - a +5 ring of strength (left hand)
Scrolls
 d - 2 scrolls of amnesia
 e - a scroll of random uselessness
 f - 3 scrolls of remove curse
 g - 3 scrolls of identify


   Skills:
 - Level 4.0 Fighting
 - Level 5.0 Short Blades
 + Level 3.4 Axes
 - Level 1.5 Armour
 - Level 3.0 Dodging
 - Level 4.5 Shields


You had 7 spell levels left.
You didn't know any spells.

Dungeon Overview and Level Annotations

Branches:
Dungeon (6/15)
 Temple: D:4-7

Altars:
Makhleb
Nemelex Xobeh
Okawaru
Xom
Yredelemnul
The Shining One

Shops:
D:4 (

Annotations:
D:2 acid dragon!
D:3 exclusion: ogre
D:6 Eustachio


Innate Abilities, Weirdness & Mutations

You do not eat or drink.
Your flesh is vulnerable to fire.
You are immune to poison.
Your flesh is cold resistant. (rC+)
You are immune to negative energy. (rN+++)
You are immune to unholy pain and torment.
You can survive without breathing.


Message History

You hit the quasit.
Eustachio gestures wildly while chanting.
Eustachio blinks!
The quasit bites you but does no damage.
The quasit claws you but does no damage.
The quasit barely misses you.
Unknown command.
You closely miss Eustachio.
Eustachio is heavily wounded.
You barely miss the quasit. The quasit completely misses you.
The quasit barely misses you. You block the quasit's attack.
Eustachio hits you with a rapier of holy wrath.
* * * LOW HITPOINT WARNING * * *
You convulse.
* * * LOW HITPOINT WARNING * * *
The quasit misses you.
The quasit claws you but does no damage.
The quasit claws you.
You die...
Xom howls with laughter! ..# #.# ..# #.......# #5# ..# #.......# #o## ..######## #.......# #c.. .........# ....... .....h### .........# ..5Z. .o...o .........# lZZ

o....c .........#
#@# ......
.........#######@#
.c....
...............5.#
......
.........#########
.......†.#....#
....(....##.#.#
............#.#
.).......####.#
#####.........#
###.#########


You could see Eustachio, 2 quasits, a leopard gecko, a leopard gecko skeleton, a
bullfrog skeleton and a centaur skeleton.

Vanquished Creatures
  Duvessa (D:5)
  An orc warrior (D:6)
  A sky beast (D:5)
  The ghost of Gerstahl the Skirmisher, an amateur NaSk (D:4)
  2 phantoms (D:6)
  A centaur (D:4)
  Dowan (D:5)
  3 scorpions
  A howler monkey (D:6)
  An orc wizard (D:6)
  An iron imp (D:4)
  3 worker ants
  A hound zombie (D:5)
  Robin (D:3)
  A gnoll (D:4)
  9 adders
  8 oozes
  An adder skeleton (D:6)
  4 worms
  2 dart slugs
  3 leopard geckos
  12 orcs
  3 ball pythons
  11 bats
  8 giant cockroaches
  17 goblins
  13 hobgoblins
  6 jackals
  8 kobolds
  3 quokkas
  11 frilled lizards
  2 jackal skeletons
  12 rats
  A spectral orc (D:4)
154 creatures vanquished.

Notes
Turn   | Place    | Note
-------+----------+-------------------------------------------
     0 | D:1      | Lavandula the Mummy Chaos Knight began the quest for the Orb.
     0 | D:1      | Reached XP level 1. HP: 18/18 MP: 1/1
     1 | D:1      | Found a runed door.
   322 | D:1      | Reached skill level 3 in Short Blades
   322 | D:1      | Reached XP level 2. HP: 23/24 MP: 2/2
   381 | D:1      | XOM: harmless Chrm miscast
   946 | D:1      | Reached XP level 3. HP: 29/29 MP: 3/3
  1080 | D:1      | XOM: potion effect (might)
  1099 | D:1      | Reached skill level 4 in Short Blades
  1101 | D:1      | Reached XP level 4. HP: 29/35 MP: 4/4
  1461 | D:2      | XOM: medium Tmut miscast
  1497 | D:2      | XOM: silly message
  1544 | D:2      | Found a sparkling altar of Nemelex Xobeh.
  1650 | D:2      | XOM: divination: detect creatures
  1818 | D:2      | XOM: 8-stop teleportation journey
  1924 | D:2      | XOM: scenery: create altars
  1984 | D:2      | Reached XP level 5. HP: 31/41 MP: 5/5
  2185 | D:2      | Noticed an acid dragon
  2185 | D:2      | a river rat changed into an acid dragon
  2187 | D:2      | XOM: butterfly on damage
  2188 | D:2      | XOM: enchant monster (good)
  2342 | D:2      | XOM: medium Pois miscast
  2346 | D:2      | XOM: harmless Chrm miscast
  2519 | D:3      | Reached skill level 5 in Short Blades
  2574 | D:3      | Reached skill level 1 in Dodging
  2579 | D:3      | XOM: butterfly on damage
  2864 | D:3      | Noticed Robin
  2921 | D:3      | Killed Robin
  3139 | D:3      | Noticed an ogre
  3166 | D:3      | XOM: noise
  3319 | D:3      | XOM: harmless Necr miscast
  3332 | D:3      | XOM: harmless Necr miscast
  3446 | D:3      | XOM: mild Pois miscast
  3547 | D:4      | Found Dahovv Ovom's Antique Weapon Emporium.
  3583 | D:4      | XOM: divination: magic mapping
  3586 | D:4      | Reached XP level 6. HP: 45/47 MP: 6/6
  3600 | D:4      | Found a glowing golden altar of the Shining One.
  3969 | D:4      | Found a burning altar of Makhleb.
  4053 | D:4      | Noticed Gerstahl's ghost (amateur NaSk)
  4065 | D:4      | XOM: mild Air miscast
  4076 | D:4      | Killed Gerstahl's ghost
  4076 | D:4      | Reached skill level 1 in Shields
  4076 | D:4      | Reached XP level 7. HP: 42/54 MP: 7/7
  4141 | D:4      | Found a basalt altar of Yredelemnul.
  4141 | D:4      | XOM: 9-stop teleportation journey
  4418 | D:4      | Found an iron altar of Okawaru.
  4570 | D:4      | XOM: divination: detect creatures
  4641 | D:5      | Entered Level 5 of the Dungeon
  4837 | D:5      | Noticed Duvessa
  4837 | D:5      | Noticed Dowan
  4844 | D:5      | XOM: potion effect (invisibility)
  4853 | D:5      | XOM: harmless Fire miscast
  4870 | D:5      | XOM: potion effect (heal wounds)
  4872 | D:5      | Killed Dowan
  4874 | D:5      | Killed Duvessa
  5017 | D:5      | XOM: cast spell 'Call Canine Familiar'
  5559 | D:4      | XOM: harmless Chrm miscast
  5578 | D:4      | Bought a runed broad axe for 231 gold pieces
  5684 | D:6      | XOM: harmless Hex miscast
  5695 | D:6      | Reached skill level 1 in Axes
  5695 | D:6      | Reached XP level 8. HP: 36/60 MP: 8/8
  5933 | D:6      | XOM: silly message
  6009 | D:6      | Noticed Eustachio
  6022 | D:6      | HP: 2/60 [Eustachio/rapier of holy wrath (5)]
  6024 | D:6      | Slain by a quasit

Vault maps used:
D:1:      dpeg_arrival_caged_fury
D:2:      marbit_many_paths, serial_bayou, serial_bayou_pond_a,
          serial_bayou_pond_d, serial_bayou_pond_c, serial_bayou_pond_b,
          chequers_big_river
D:3:      dk_vineyard_1, uniq_robin
D:4:      makhleb_grotto_becter, old_standard_altar,
          yredelemnul_forgotten_temple_becter, okawaru_altar_gauntlet_db,
          minmay_temple_entry_from_below_a, first_bread, serial_shops, shop
D:5:      uniq_duvessa
D:6:      kennysheep_mini_moat, minmay_bent, uniq_eustachio

Skill      XL: |  1  2  3  4  5  6  7  8 |
---------------+-------------------------+-----
Short Blades   | 3 4 5 |  5.0
Dodging        | 2 3 |  3.0
Fighting       | 4 |  4.0
Shields        | 1 4 |  4.5
Axes           | 1 3 |  3.4
Armour         | |  1.5

Action                   |  1- 3 |  4- 6 |  7- 9 || total
-------------------------+-------+-------+-------++-------
Melee: Short sword       |   109 |   337 |    87 ||   533
       Broad axe         |       |       |    44 ||    44
  Use: Scroll            |       |     7 |     3 ||    10
 Stab: Paralysed         |     1 |     8 |       ||     9
       Sleeping          |       |     1 |     1 ||     2
       Invisible         |       |       |     2 ||     2
       Petrifying        |       |       |     2 ||     2
Armor: Leather armour    |    34 |    77 |    43 ||   154
Dodge: Dodged            |    33 |   131 |    88 ||   252
Block: Buckler           |       |       |    18 ||    18

Table legend:
 A = Spawn XP
 B = Non-spawn XP
 C = Spawn XP percentage of total XP
 D = Spawn monster count
 E = Non-spawn monster count
 F = Spawn count percentage of total count
 G = Total turns spent on level
                    A         B        C        D         E        F      G
               +---------+---------+-------+---------+---------+-------+---------
         Total |       0 |    1831 |   0.0 |       0 |     154 |   0.0 |  6024
               +---------+---------+-------+---------+---------+-------+---------
           D:1 |       0 |      97 |   0.0 |       0 |      39 |   0.0 |  1121
           D:2 |       0 |     107 |   0.0 |       0 |      32 |   0.0 |  1393
           D:3 |       0 |     146 |   0.0 |       0 |      46 |   0.0 |  1033
           D:4 |       0 |     461 |   0.0 |       0 |      18 |   0.0 |  1117
           D:5 |       0 |     522 |   0.0 |       0 |      10 |   0.0 |  1090
           D:6 |       0 |     498 |   0.0 |       0 |       9 |   0.0 |   270
               +---------+---------+-------+---------+---------+-------+---------
